 Dungeon Crawl Stone Soup version 0.25-a0-647-gd602d06ee1 (webtiles) character file.

Game seed: 1574051733953046814, levelgen mode: deterministic

1498 Esekla the Sneak (level 8, 0/54 HPs)
             Began as an Octopode Venom Mage on Mar 22, 2020.
             Slain by an orc
             ... wielding a +2 vorpal mace
              (2 damage)
             ... on level 7 of the Dungeon.
             The game lasted 00:54:21 (7274 turns).

Esekla the Sneak (Octopode Venom Mage)              Turns: 7274, Time: 00:54:22

Health: 0/54       AC:  1    Str:  8    XL:     8   Next: 81%
Magic:  2/15       EV:  2    Int: 23    God:
Gold:   216        SH:  0    Dex: -3 (13) Spells: 3/16 levels left

rFire    . . .     SeeInvis .   w - +3 dagger (drain)
rCold    + . .     Gourm    .   (no shield)
rNeg     . . .     Faith    .   (helmet restricted)
rPois    .         Spirit   .   (no amulet)
rElec    .         Reflect  .   i - ring of protection from cold
rCorr    .         Harm     .   m - ring of stealth
MR       +....                  u - +5 ring of intelligence
Stlth    ..........             q - ring of protection from magic
HPRegen  0.18/turn              (no ring)
MPRegen  0.14/turn              (no ring)
                                (no ring)
                                (no ring)

@: slowed, lost dexterity, very slow
A: almost no armour, stealthy swim, amphibious, 8 rings, constrict 8, camouflage
1, gelatinous body 1
a: no special abilities


You were on level 7 of the Dungeon.
You were not hungry.

You visited 1 branch of the dungeon, and saw 7 of its levels.

You collected 321 gold pieces.
You spent 105 gold pieces at shops.

Inventory:

Hand Weapons
 t - a +0 spear of flaming
 w - a +3 dagger of draining (weapon)
 x - a +0 scimitar
Missiles
 o - 26 poisoned darts (quivered)
 r - 2 boomerangs
 y - 8 javelins
Jewellery
 i - a ring of protection from cold (left tentacle)
 m - a ring of stealth (right tentacle)
 q - a ring of protection from magic (on tentacle)
 u - a +5 ring of intelligence (on tentacle)
 E - an uncursed amulet of faith
Wands
 A - a wand of scattershot (2)
Scrolls
 a - 2 scrolls of enchant armour {unknown}
 c - 5 scrolls of remove curse
 e - 2 scrolls of amnesia {unknown}
 j - a scroll of magic mapping {unknown}
 k - a scroll of noise {unknown}
 l - 2 scrolls of random uselessness {unknown}
 v - 4 scrolls of fog {unknown}
 C - a scroll of fear {unknown}
Potions
 g - 2 potions of lignification
 n - a potion of magic
 p - 9 potions of brilliance
 s - a potion of stabbing {unknown}
 z - a potion of heal wounds {unknown}
Comestibles
 b - 5 rations


   Skills:
 * Level 3.7 Fighting
 + Level 2.0 Short Blades
 + Level 1.0 Throwing
 * Level 3.5 Dodging
 - Level 5.4 Stealth
 * Level 4.7 Spellcasting
 * Level 3.0 Conjurations
 * Level 2.1 Hexes
 - Level 1.0 Transmutations
 * Level 3.8 Air Magic
 + Level 5.4 Poison Magic


You had 3 spell levels left.
You knew the following spells:

 Your Spells              Type           Power        Failure   Level  Hunger
a - Sting                 Tmut/Pois      ###.         2%          1    None
c - Mephitic Cloud        Conj/Pois/Air  ###.....     5%          3    ##.....
d - Dazzling Flash        Conj/Hex       ###...       10%         3    ##.....
e - Tukima's Dance        Hex            ###.....     12%         3    ##.....
i - Corona                Hex            ###....      4%          1    None
v - Poisonous Vapours     Pois/Air       ####..       2%          2    None

Your spell library contained the following spells:

 Spells                   Type           Power        Failure   Level  Hunger
 Beastly Appendage        Tmut           ##....       6%          1    None
 Spider Form              Tmut/Pois      ###.......   8%          3    ##.....
 Ensorcelled Hibernation  Hex/Ice        ##....       10%         2    None
 Sticks to Snakes         Tmut           ##......     10%         2    None
 Confusing Touch          Hex            ###.....     12%         3    ##.....
 Ignite Poison            Fire/Tmut/Pois ###.....     12%         3    ##.....
 Olgreb's Toxic Radiance  Pois           ####....     10%         4    ####...
 Ice Form                 Ice/Tmut       #.......     61%         4    ####...
 Blade Hands              Tmut           ##........   87%         5    #####..


Dungeon Overview and Level Annotations

Branches:
Dungeon (7/15)
 Temple: D:4-7

Altars:
Elyvilon
Wu Jian

Shops:
D:5 *

Annotations:
D:3 2 transporters


Innate Abilities, Weirdness & Mutations

You cannot wear most types of armour.
You are very stealthy in the water. (Stealth+)
You are amphibious.
You can wear up to eight rings at the same time.
You can use your tentacles to constrict eight enemies at once.
Your skin changes colour to match your surroundings (Stealth+).
Your rubbery body absorbs attacks. (AC +1, EV +1)


Message History

* * * LOW HITPOINT WARNING * * *
The orc wizard hits you with a +0 dagger.
* * * LOW HITPOINT WARNING * * *
The orc hits you with a +2 vorpal mace.
* * * LOW HITPOINT WARNING * * *
x2
Casting: Poisonous Vapours (safe; 2% risk of failure)
Confirm with . or Enter, or press ? or * to list all spells.
Aiming: Poisonous Vapours (safe; 2% risk of failure)
Press: ? - help, Dir - move target cursor, f - orc wizard
Aim: an orc wizard, wielding a +0 dagger and wearing a +0 robe (lightly wounded, fast, very poisoned) Poisonous vapours surround the orc wizard!
The orc wizard is engulfed in poison gas.
The orc wizard looks even sicker.
The orc wizard hits you but does no damage.
The orc wizard is engulfed in poison gas.
The orc wizard looks as sick as possible!
The orc wizard hits you but does no damage.
The orc hits you with a +2 vorpal mace.
* * * LOW HITPOINT WARNING * * *
You die...

##### ##....
#.#######..#####
#...o@o.........
#######$....#.
##....#(#..#
##.<......#
#.#.#.....
#.#.....##
#+#####


You could see an orc wizard and an orc.

Vanquished Creatures
  An ice beast (D:5)
  An orc warrior (D:6)
  A sky beast (D:5)
  An ogre (D:4)
  3 centaurs
  A bullfrog (D:6)
  Blork the orc (D:4)
  A scorpion (D:5)
  A crimson imp (D:5)
  A bullfrog zombie (D:6)
  A quasit (D:6)
  3 orc priests
  A hound (D:6)
  A centaur skeleton (D:4)
  A jelly (D:5)
  3 iguanas
  4 orc wizards
  A worker ant (D:6)
  A hound zombie (D:5)
  7 gnolls
  4 adders
  A shadow imp (D:5)
  2 oozes
  An adder zombie (D:7)
  An adder skeleton (D:5)
  4 worms
  5 dart slugs
  5 leopard geckos
  14 orcs
  5 giant cockroaches
  3 goblins (D:1)
  6 hobgoblins
  7 jackals
  5 kobolds
  3 quokkas
  A ball python (D:4)
  4 bats
  6 frilled lizards
  A quokka skeleton (D:6)
  3 rats
116 creatures vanquished.

Notes
Turn   | Place    | Note
-------+----------+-------------------------------------------
     0 | D:1      | Esekla the Octopode Venom Mage began the quest for the Orb.
     0 | D:1      | Reached XP level 1. HP: 11/11 MP: 3/3
   273 | D:1      | Reached XP level 2. HP: 17/17 MP: 5/5
   279 | D:1      | Learned a level 2 spell: Poisonous Vapours
   661 | D:1      | Reached XP level 3. HP: 11/21 MP: 6/6
  1662 | D:2      | Found an ornate altar of the Wu Jian Council.
  1818 | D:2      | Reached XP level 4. HP: 27/27 MP: 0/7
  1870 | D:2      | You fall into a shaft and drop 1 floor!
  2128 | D:3      | Noticed a centaur
  2132 | D:3      | Killed a centaur
  2132 | D:3      | Reached skill level 1 in Fighting
  2132 | D:3      | Reached skill level 1 in Air Magic
  2132 | D:3      | Reached XP level 5. HP: 28/33 MP: 5/9
  2599 | D:3      | Found a transporter.
  2608 | D:3      | Found a transporter.
  2734 | D:3      | You fall into a shaft and drop 3 floors!
  2740 | D:6      | Learned a level 3 spell: Mephitic Cloud
  2781 | D:6      | Reached XP level 6. HP: 38/38 MP: 10/10
  2788 | D:6      | Reached skill level 1 in Conjurations
  3019 | D:5      | Entered Level 5 of the Dungeon
  3019 | D:5      | Noticed an ice beast
  3019 | D:5      | Noticed a phantom
  3530 | D:3      | Learned a level 3 spell: Tukima's Dance
  3639 | D:4      | Reached skill level 1 in Short Blades
  3639 | D:4      | Reached XP level 7. HP: 44/44 MP: 2/12
  4212 | D:4      | Found a white marble altar of Elyvilon.
  4241 | D:4      | Learned a level 3 spell: Dazzling Flash
  4243 | D:4      | Learned a level 1 spell: Corona
  4325 | D:4      | Noticed Blork the orc
  4429 | D:4      | Killed Blork the orc
  4429 | D:4      | Reached skill level 5 in Poison Magic
  4549 | D:5      | Reached skill level 1 in Hexes
  4637 | D:5      | Found Woiges's Assorted Antiques.
  5141 | D:5      | Bought a runed dagger for 105 gold pieces
  5171 | D:5      | Reached skill level 5 in Stealth
  5196 | D:5      | Reached XP level 8. HP: 28/51 MP: 3/14
  5983 | D:6      | HP: 2/51 [orc/burst of metal fragments (9)]
  6356 | D:6      | Reached skill level 1 in Throwing
  6897 | D:6      | Lost dexterity.
  7274 | D:7      | HP: 2/54 [orc/+2 vorpal mace (5)]
  7274 | D:7      | Slain by an orc

Levels and vault maps discovered:
D:1:      onia_arrival_pentagram, layout_basic, chequers_serial_rivers_small_a
D:2:      layout_loops_corners, overflow_temple_1_default, first_ration,
          st_stairs_11
D:3:      gammafunk_steamed_eel, layout_loops_ring
D:4:      layout_gridville, overflow_temple_1_default,
          chequers_serial_rivers_micro_c, uniq_blork_the_orc
D:5:      layout_basic, serial_shops, nicolae_shop_overgrown_old_shop,
          grunt_ministairs_3
D:6:      layout_rooms, lemuel_flamethrower_1
D:7:      layout_loops_corners, minmay_temple_entry_fiery, serial_shops, shop,
          grunt_ogre_cave

Skill      XL: |  1  2  3  4  5  6  7  8 |
---------------+-------------------------+-----
Poison Magic   | 4 5 |  5.4
Stealth        | 3 4 5 |  5.4
Fighting       | 1 2 3 |  3.7
Air Magic      | 1 2 3 |  3.8
Spellcasting   | 3 4 |  4.7
Conjurations   | 1 2 3 |  3.0
Short Blades   | 1 2 |  2.0
Dodging        | 3 |  3.5
Hexes          | 1 2 |  2.1
Throwing       | 1 |  1.0
Transmutations | |  1.0

Action                   |  1- 3 |  4- 6 |  7- 9 || total
-------------------------+-------+-------+-------++-------
Melee: Unarmed           |     6 |       |       ||     6
       Dagger            |    42 |    66 |   152 ||   260
       Constrict         |    11 |    13 |    20 ||    44
       Tentacles         |     7 |    12 |    14 ||    33
Throw: Dart              |       |    13 |    10 ||    23
 Cast: Sting             |     2 |       |       ||     2
       Poisonous Vapours |     9 |    29 |    34 ||    72
       Mephitic Cloud    |       |     2 |     8 ||    10
       Dazzling Flash    |       |       |     6 ||     6
Evoke: Wand              |       |       |     1 ||     1
  Use: Scroll            |       |       |    12 ||    12
       Potion            |       |       |     5 ||     5
 Stab: Sleeping          |    15 |    11 |    11 ||    37
       Confused          |       |     2 |     1 ||     3
  Eat: Chunk             |     2 |     5 |     4 ||    11
       Ration            |       |     1 |     3 ||     4
Armor: Skin              |     6 |       |    23 ||    29
Dodge: Dodged            |    16 |    40 |   156 ||   212

Table legend:
 A = Non-vault XP
 B = Vault XP
 C = Vault XP percentage of total XP
 D = Non-vault monster count
 E = Vault monster count
 F = Vault count percentage of total count
                 A         B        C        D         E       F
            +---------+---------+-------+---------+---------+-------
      Total |    1969 |     172 |   8.0 |     111 |       5 |   4.3
            +---------+---------+-------+---------+---------+-------
        D:1 |      40 |       0 |   0.0 |      19 |       0 |   0.0
        D:2 |      37 |       7 |  15.9 |       9 |       2 |  18.2
        D:3 |     252 |       0 |   0.0 |      27 |       0 |   0.0
        D:4 |     248 |      87 |  26.0 |      11 |       1 |   8.3
        D:5 |     612 |      78 |  11.3 |      18 |       2 |  10.0
        D:6 |     687 |       0 |   0.0 |      23 |       0 |   0.0
        D:7 |      93 |       0 |   0.0 |       4 |       0 |   0.0
            +---------+---------+-------+---------+---------+-------
